 Dungeon Crawl Stone Soup version 0.28-a0-919-g0b5b508569 (webtiles) character file.

Game seed: 9068665254659708150

7 siradein the Charlatan (level 1, 0/15 HPs)
             Began as a Demonspawn Artificer on Nov 25, 2021.
             Slain by a quokka (4 damage)
             ... on level 1 of the Dungeon.
             The game lasted 00:00:53 (481 turns).

siradein the Charlatan (Demonspawn Artificer)        Turns: 481, Time: 00:00:54

Health: 0/15       AC:  8    Str: 12    XL:     1   Next: 83%
Magic:  1/1        EV:  5    Int: 12    God:
Gold:   25         SH:  0    Dex: 13    Spells: 0/0 levels left

rFire   . . .      SeeInvis .   f - staff of conjuration
rCold   . . .      Faith    .   (no shield)
rNeg    . . .      Spirit   .   a - +0 chain mail
rPois   .          Reflect  .   (no helmet)
rElec   .          Harm     .   (no cloak)
rCorr   .          Rampage  .   (no gloves)
Will    .....                   (no boots)
Stlth   ..........              (no amulet)
HPRegen 0.05/turn               (no ring)
MPRegen 0.07/turn               (no ring)

@: no status effects
A: no striking features
a: no special abilities


You were on level 1 of the Dungeon.
You visited 1 branch of the dungeon, and saw 1 of its levels.

You collected 25 gold pieces.

Inventory:

Armour
 a - a +0 chain mail (worn)
Magical Staves
 f - a staff of conjuration (weapon)
Wands
 c - a wand of flame (15)
 d - a wand of charming (15)
Miscellaneous
 e - a piece from Xom's chessboard (14/15) (quivered)


   Skills:
 + Level 1.2 Fighting
 + Level 1.9 Armour
 + Level 1.1 Dodging
 - Level 0.8 Stealth
 + Level 3.1 Evocations


You couldn't memorise any spells.
You didn't know any spells.
Your spell library was empty.

Dungeon Overview and Level Annotations

Branches:
Dungeon (1/15)

Altars:


Message History

The goblin hits you but does no damage.
You hit the goblin.
You kill the goblin!
No target in view!
No target in view!
You see here a +0 club.
You open the door.
There is an open door here.
Found a stone staircase leading down.
Found 4 stones.
You see here 4 stones.
A quokka comes into view.
Found a hand axe and a ring mail.
The quokka twitches its whiskers.
A quokka is nearby!
The quokka bites you.
You barely miss the quokka. The quokka bites you.
You barely miss the quokka.
The quokka bites you but does no damage.
The quokka bites you.
You hit the quokka.
The quokka is heavily wounded.
The quokka bites you but does no damage.
You hit the quokka.
The quokka is severely wounded.
The quokka bites you but does no damage. x2
You miss the quokka.
The quokka is severely wounded.
The quokka bites you.
You are too injured to fight recklessly!
You are too injured to fight recklessly!
You are too injured to fight recklessly!
You are too injured to fight recklessly!
You are too injured to fight recklessly!
You barely miss the quokka.
The quokka is severely wounded.
The quokka bites you.
* * * LOW HITPOINT WARNING * * *
The quokka bites you.
You die...

..###>..... ....'......
...........
#.###......###.......[..
..# .....+.#..........
#.# ....#.#..........
#.# ...#.#.......... #.#
###.#.......... ..#
#.#..........
############.#..@r...)..
#..............####...##
#'##########.### ...
.......... #.# .
....######.#.#
...........#.#
...######>.#.#
........#..#.#
#######.#..#.#


You could see a quokka.

Vanquished Creatures
  A giant cockroach (D:1)
  2 goblins (D:1)
  A hobgoblin (D:1)
  A quokka (D:1)
  A rat (D:1)
6 creatures vanquished.

Notes
Turn   | Place    | Note
-------+----------+-------------------------------------------
     0 | D:1      | siradein the Demonspawn Artificer began the quest for the
                  | Orb.
     0 | D:1      | Reached XP level 1. HP: 15/15 MP: 1/1
    56 | D:1      | Reached skill level 1 in Dodging
   481 | D:1      | Slain by a quokka

Illustrated notes

Levels and vault maps discovered:
D:1:      lightli_arrival_noodles, layout_basic, serial_shops, shop,
          shapermc_ecumenical_altar_venn, serial_bayou_ford_a, minmay_surrounded

Skill      XL: |  1 |
---------------+----+-----
Dodging        | 1 |  1.1
Fighting       | |  1.2
Armour         | |  1.9
Stealth        | |  0.8
Evocations     | |  3.1

Action                   || total
-------------------------++-------
Melee: Staff             ||    36
Evoke: Piece from Xom's  ||     1
Armor: Chain mail        ||    14
       Leather armour    ||     4
Dodge: Dodged            ||    13

Table legend: (Time is in decaauts)
 A = Elapsed time spent in this place.
 B = Non-inter-level travel time spent in this place.
 C = Inter-level travel time spent in this place.
 D = Time resting spent in this place.
 E = Time spent auto-exploring this place.
 F = Levels seen in this place.
 G = Mean time per level.
                   A        B        C        D        E       F      G
               +--------+--------+--------+--------+--------+-----+--------+
         Total |    487 |    487 |      0 |      0 |    375 |   1 |  487.0 |
       Dungeon |    487 |    487 |      0 |      0 |    375 |   1 |  487.0 |
               +--------+--------+--------+--------+--------+-----+--------+

Top non-repeatable levels by time:
     D:1: 487 daAuts
